 Dungeon Crawl Stone Soup version 0.31-a0-1591-g515db51633 (webtiles) character file.

Game seed: 1310982642609032252

74 Conn the Sneak (level 4, -2/27 HPs)
             Began as an Octopode Fire Elementalist on Jan 6, 2024.
             Slain by a goblin
             ... wielding a +0 club
             ... led by Robin
              (6 damage)
             ... on level 2 of the Dungeon.
             The game lasted 00:02:42 (1211 turns).

Conn the Sneak (Octopode Fire Elementalist)         Turns: 1211, Time: 00:02:43

Health: -2/27      AC:  1    Str:  7    XL:     4   Next: 30%
Magic:  6/7        EV: 13    Int: 25    God:
Gold:   50         SH:  0    Dex: 12    Spells: 2/8 levels left

rFire   . . .        (no weapon)
rCold   . . .        (no shield)
rNeg    . . .        (helmet restricted)
rPois   .            (no amulet)
rElec   .            d - ring of flight
rCorr   .            b - +6 ring of intelligence
SInv    .            (no ring)
Will    .....        (no ring)
Stlth   +++          (no ring)
HPRegen 0.24/turn    (no ring)
MPRegen 0.10/turn    (no ring)
                     (no ring)

%: no passive effects
@: flying, hasted, very quick
A: almost no armour, amphibious, 8 rings, camouflage 1, gelatinous body 1,
(nimble swimmer 1), tentacles
a: no special abilities


You were on level 2 of the Dungeon.
You visited 1 branch of the dungeon, and saw 2 of its levels.

You collected 50 gold pieces.

Inventory:

Jewellery
 b - a +6 ring of intelligence (right tentacle)
 d - a ring of flight (left tentacle)
Wands
 f - a wand of polymorph (6)
Scrolls
 c - a scroll of revelation {unknown}
 e - a scroll of vulnerability {unknown}
 g - a scroll of identify {unknown}
 i - a scroll of fog {unknown}


   Skills:
 + Level 2.6 Dodging
 + Level 3.6 Stealth
 + Level 2.5 Spellcasting
 * Level 2.0 Conjurations
 + Level 0.0 Hexes
 + Level 3.4 Fire Magic


You had 2 spell levels left.
You knew the following spells:

 Your Spells              Type           Power      Damage    Failure   Level
a - Foxfire               Conj/Fire      64%        2x1d7     3%          1
b - Scorch                Fire           40%        2d6       4%          2
c - Inner Flame           Hex/Fire       11%        N/A       16%         3

Your spell library contained the following spells:

 Spells                   Type           Power      Damage    Failure   Level
 Volatile Blastmotes      Fire/Tloc      22%        2d11      16%         3
 Flame Wave               Conj/Fire      16%        2d7       34%         4


Dungeon Overview and Level Annotations

Branches:
Dungeon (2/15)

Altars:

Annotations:
D:2 Robin


Innate Abilities, Weirdness & Mutations

You cannot wear most types of armour.
You are amphibious.
You can wear up to eight rings at the same time.
Your skin changes colour to match your surroundings (Stealth+).
Your rubbery body absorbs attacks. (AC +1, EV +1)
((You are camouflaged when in or above water. (Stealth+)))
You have tentacles for arms and can constrict up to eight enemies at once.


Message History

Unknown command.
Robin throws the goblin at you! The goblin closely misses you.
You see here a +0 dagger.
You closely miss the goblin. You grab the goblin. You constrict the goblin.
The goblin barely misses you.
A goblin comes into view. It is wielding a +0 dagger.
The goblin closely misses you.
Unknown command.
The goblin shouts!
You tentacle-slap the goblin.
The goblin is heavily wounded.
You constrict the goblin.
Robin roars a battlecry!
The goblins go into a battle-frenzy!
The goblin barely misses you. The goblin closely misses you.
You tentacle-slap the goblin.
You kill the goblin!
Robin throws the goblin at you! The goblin hits you with a +0 club.
* * * LOW HITPOINT WARNING * * *
Unknown command.
Unknown command.
It was a potion of haste.
You feel yourself speed up. The goblin hits you with a +0 club.
* * * LOW HITPOINT WARNING * * *
The goblin barely misses you.
A ball python comes into view.
Okay, then.
Unknown command.
Unknown command.
Casting: Foxfire (safe; 3% risk of failure)
Confirm with . or Enter, or press ? or * to list all spells.
Okay, then.
Unknown command.
Unknown command.
Unknown command.
As you read the scroll labelled MEOG SAENO, it crumbles to dust.
It is a scroll of enchant armour.
You aren't carrying any armour which can be enchanted further.
The goblin completely misses you. The goblin hits you with a +0 club.
You die...

#. #.# #. #.# ### #.
###.# .... .##.#
#..### ##.##.#
g#..... #.. #.#
#.:....### #.# #.#
#.S...gg#######.###.#
#....gggg@g.........#
#.....gg#######.#####
..)....### #.#
####... #># ##.# #.#
#. #.# #. ..# #. ###


You could see Robin, 3 hobgoblins, 5 goblins and a ball python (wandering).

Vanquished Creatures
  Jessica (D:2)
  An adder (D:2)
  2 dart slugs
  A ribbon worm (D:2)
  3 ball pythons (D:2)
  4 bats
  An endoplasm (D:1)
  3 giant cockroaches (D:1)
  4 goblins
  3 hobgoblins
  2 quokkas (D:1)
  3 kobolds
  2 rats (D:2)
30 creatures vanquished.

Vanquished Creatures (others)
  70 foxfires
70 creatures vanquished.

Grand Total: 100 creatures vanquished

Notes
Turn   | Place    | Note
-------+----------+-------------------------------------------
     0 | D:1      | Conn the Octopode Fire Elementalist began the quest for the
                  | Orb.
     0 | D:1      | Reached XP level 1. HP: 11/11 MP: 3/3
   146 | D:1      | Reached XP level 2. HP: 8/17 MP: 0/5
   201 | D:1      | Learned a level 2 spell: Scorch
   854 | D:2      | Reached XP level 3. HP: 21/21 MP: 1/6
   857 | D:2      | Noticed Jessica
   863 | D:2      | HP: 1/21 [Jessica/nerve-wracking pain (12)]
   891 | D:2      | Killed Jessica
   892 | D:2      | Reached XP level 4. HP: 10/27 MP: 4/7
   976 | D:2      | Learned a level 3 spell: Inner Flame
  1198 | D:2      | Noticed Robin
  1211 | D:2      | Slain by a goblin

Illustrated notes

Levels and vault maps discovered:
D:1:      dpeg_arrival_connections, layout_basic
D:2:      layout_loops_ring, uniq_jessica, uniq_robin

Skill      XL: |  1  2  3  4 |
---------------+-------------+-----
Stealth        | 3 |  3.6
Conjurations   | 2 |  2.0
Dodging        | |  2.6
Spellcasting   | |  2.5
Fire Magic     | |  3.4

Action                     |  1- 3 |  4- 6 || total
---------------------------+-------+-------++-------
  Melee: Unarmed           |    14 |    16 ||    30
         Constrict         |     5 |     6 ||    11
         Tentacles         |     4 |     5 ||     9
   Cast: Foxfire           |    30 |    10 ||    40
         Scorch            |       |     2 ||     2
    Use: Scroll            |     1 |     1 ||     2
         Potion            |     1 |     1 ||     2
   Stab: Sleeping          |     1 |     3 ||     4
 Armour: Skin              |    17 |    10 ||    27
  Dodge: Dodged            |    16 |    19 ||    35

Table legend: (Time is in decaauts)
 A = Elapsed time spent in this place.
 B = Non-inter-level travel time spent in this place.
 C = Inter-level travel time spent in this place.
 D = Time resting spent in this place.
 E = Time spent auto-exploring this place.
 F = Levels seen in this place.
 G = Mean time per level.
                   A        B        C        D        E       F      G
               +--------+--------+--------+--------+--------+-----+--------+
         Total |   1209 |   1196 |     13 |      0 |    895 |   2 |  604.5 |
       Dungeon |   1209 |   1196 |     13 |      0 |    895 |   2 |  604.5 |
               +--------+--------+--------+--------+--------+-----+--------+

Top non-repeatable levels by time:
     D:1: 754 daAuts
     D:2: 455 daAuts
